AoeStats
← SlowBoy

Arabia

506452756Analyzed
1v1 RM · 18d ago on Sep 13, 2026· 42m 15s· 2 players
Game mode
Random Map
Map size
Tiny (2 player)
Population
200
Speed
Normal
Resources
Standard
Victory
Conquest
Starting age
Dark Age
Ending age
Imperial Age
RankedLock teamsTeams togetherTeam positionsShared explorationLock speedFull tech treeHidden civsTurbo modeCheats
Victory
Defeat
🇨🇳 Mapuche · China
1831
+12
🇧🇷 Khmer · Brazil
1743
-12
SlowBoy
8:03 Loom
11:09 Feudal Age
11:43 Double-Bit Axe
13:14 Horse Collar
15:07 Fletching
17:19 Wheelbarrow
16:49 Padded Archer Armor
20:55 Castle Age
19:11 Padded Archer Armor
19:16 Stone Mining
19:19 Gold Mining
20:58 Crossbowman
21:55 Bow Saw
21:57 Bodkin Arrow
22:16 Town Watch
25:31 Stone Mining
27:03 Scale Barding Armor
27:40 Husbandry
30:25 Forging
35:42 Leather Archer Armor
37:43 Hand Cart
38:00 Bloodlines
39:15 Ballistics
42:43 Imperial Age
只会打步弓
6:33 Loom
9:10 Feudal Age
9:45 Double-Bit Axe
9:42 Horse Collar
15:03 Castle Age
15:06 Fletching
15:29 Elite Skirmisher
18:03 Bodkin Arrow
22:28 Padded Archer Armor
25:41 Leather Archer Armor
26:53 Town Watch
28:07 Ballistics
33:08 Bow Saw
36:34 Imperial Age
37:08 Wheelbarrow
37:46 Ring Archer Armor
39:16 Chemistry
40:21 Conscription
40:24 Hand Cart
40:40 Malon
41:14 Masonry
41:01 Elite Bolas Rider
42:17 Butalmapu
Connection lost

Rejoining the realm…

Still unreachable

The connection could not be restored.

Session expired

The server has moved on; the page needs a fresh start.